 Dungeon Crawl Stone Soup version 0.21.1-1-g345015fe64 (webtiles) character file.

32 Htamos the Ducker (level 3, -1/18 HPs)
             Began as a Spriggan Warper on June 11, 2018.
             Slain by a worm (12 damage)
             ... on level 2 of the Dungeon.
             The game lasted 00:07:37 (2247 turns).

Htamos the Ducker (Spriggan Warper)                 Turns: 2247, Time: 00:07:38

Health: -1/18      AC:  2    Str:  7    XL:     3   Next: 10%
Magic:  8/8        EV: 20    Int: 14    God:
Gold:   86         SH:  0    Dex: 16    Spells: 7/7 levels left

rFire    . . .     SeeInvis +   h - +0 dagger
rCold    . . .     Gourm    .   (shield restricted)
rNeg     . . .     Faith    .   b - +0 robe
rPois    .         Spirit   .   (helmet restricted)
rElec    .         Reflect  .   (no cloak)
rCorr    .         Harm     .   (gloves unavailable)
MR       .....                  (boots unavailable)
Stlth    ++........             (no amulet)
HPRegen  0.06/turn              (no ring)
MPRegen  0.11/turn              (no ring)

@: very quick
A: very small, unfitting armour, see invisible, herbivore, speed 3, slow
metabolism 2
a: no special abilities


You were on level 2 of the Dungeon.
You were not hungry.

You visited 1 branch of the dungeon, and saw 2 of its levels.

You collected 86 gold pieces.

Inventory:

Hand Weapons
 a - a +0 short sword
 h - a +0 dagger (weapon)
Missiles
 e - 5 tomahawks of dispersal (quivered)
 s - 12 bolts
Armour
 b - a +0 robe (worn)
Jewellery
 i - an uncursed ring of protection from cold {unknown}
 m - an uncursed ring of protection from cold {unknown}
Scrolls
 d - a scroll of blinking
 j - 3 scrolls of amnesia {unknown}
 k - a scroll of teleportation {unknown}
 l - 4 scrolls of identify {unknown}
 o - a scroll of magic mapping {unknown}
Potions
 g - 2 potions of magic {unknown}
 n - 2 potions of curing {unknown}
 p - a potion of heal wounds {unknown}
 q - 2 potions of invisibility
 r - a potion of ambrosia {unknown}
 t - a potion of degeneration {unknown}
Books
 c - a book of Spatial Translocations

   Spells                             Type                      Level
   a - Blink                          Translocation                2
   b - Shroud of Golubria             Charms/Translocation         2
   c - Lesser Beckoning               Translocation                3
   d - Gell's Gravitas                Translocation                3
   e - Teleport Other                 Translocation                3
   f - Passage of Golubria            Translocation                4
Comestibles
 f - 2 rations


   Skills:
 + Level 1.8 Fighting
 + Level 2.7 Short Blades
 - Level 1.0 Throwing
 * Level 4.5 Dodging
 * Level 1.7 Stealth
 - Level 2.7 Spellcasting
   Level 4.4 Translocations


You had 7 spell levels left.
You didn't know any spells.

Dungeon Overview and Level Annotations

Branches:
Dungeon (2/15)

Altars:


Innate Abilities, Weirdness & Mutations

You are very small and have problems with some larger weapons.
You are too small for most types of armour.
You have supernaturally acute eyesight. (SInv)
You are a herbivore.
You cover ground extremely quickly.
You need consume almost no food.


Message History

The hobgoblin is moderately wounded.
The hobgoblin hits you with a club!
You closely miss the hobgoblin.
The hobgoblin is moderately wounded.
The hobgoblin hits you with a club.
You hit the hobgoblin but do no damage.
The hobgoblin is moderately wounded.
You hit the hobgoblin.
You kill the hobgoblin!
You barely miss the worm. You hit the worm.
The worm is lightly wounded.
The worm barely misses you.
You hit the worm.
The worm is moderately wounded.
You hit the worm.
The worm is moderately wounded.
The worm bites you!
Ouch! That really hurt!
You die...

.........#.#.......##
.........(.........?#
..## # ##...w.....#
#..## #. #...g.....#
#...# #.##.........#
#.#....#..#...#######
..####...............
#>...#.##.#.###########
##........#...[w@.....#
##.#.#.#..#...#######.#
.#........#...........#
...#.#.#......<.......#
.)............(.(.....#
##.#.#.#........###....
##...........#(##(....
.............#....#
...##...##...##...##


You could see a worm.

Vanquished Creatures
  A giant cockroach (D:1)
  5 goblins
  6 hobgoblins
  A jackal (D:1)
  5 bats (D:1)
  A frilled lizard (D:1)
  5 kobolds
  6 rats
30 creatures vanquished.

Notes
Turn   | Place    | Note
-------+----------+-------------------------------------------
     0 | D:1      | Htamos the Spriggan Warper began the quest for the Orb.
     0 | D:1      | Reached XP level 1. HP: 10/10 MP: 5/5
   133 | D:1      | Reached skill level 1 in Stealth
   145 | D:1      | Reached XP level 2. HP: 6/15 MP: 6/6
  1736 | D:2      | Reached XP level 3. HP: 11/18 MP: 8/8
  2247 | D:2      | Slain by a worm

Skill      XL: |  1 |
---------------+----+-----
Stealth        | 1 |  1.7
Dodging        | 4 |  4.5
Fighting       | |  1.8
Short Blades   | |  2.7
Throwing       | |  1.0
Spellcasting   | |  2.7
Translocations | |  4.4

Action                   || total
-------------------------++-------
Melee: Dagger            ||   224
       Short sword       ||    11
 Stab: Sleeping          ||     2
Armor: Robe              ||    10
Dodge: Dodged            ||   153
